 Dungeon Sprint DCSS version 0.18-a0-1035-g72c9994 (webtiles) character file.

100 pipel the Arsonist (level 4, -6/24 HPs)
             Began as a Deep Elf Fire Elementalist on Jan 9, 2016.
             Was a Believer of Sif Muna.
             Mangled by a wight
             ... wielding a cursed +0 flail
              (9 damage)
             ... in the Dungeon (Sprint VII: "The Pits").
             The game lasted 00:01:26 (99 turns).

pipel the Arsonist (Deep Elf Fire Elementalist)       Turns: 99, Time: 00:01:27

Health: -6/24      AC:  2    Str:  5    XL:     4   Next: 47%
Magic:  0/14       EV: 13    Int: 21    God:    Sif Muna [**....]
Gold:   0          SH:  0    Dex: 15    Spells: 1 memorised, 15 levels left

rFire  . . .     SeeInvis .     b - staff of energy
rCold  . . .     Gourm    .     s - +0 robe
rNeg   . . .     Faith    .     (no shield)
rPois  .         Spirit   .     (no helmet)
rElec  .         Dismiss  .     (no cloak)
rCorr  .         Reflect  .     (no gloves)
SustAt .         Harm     .     (no boots)
MR     .....     NoTele   +     (no amulet)
Stlth  ++........               (no ring)
                                (no ring)

@: exhausted, slowed, very slow, not resistant to hostile enchantments,
unstealthy
A: no striking features
a: Channel Energy, Forget Spell, Renounce Religion


You were in the Dungeon.
You worshipped Sif Muna.
Sif Muna was pleased with you.
You were not hungry.

You visited 1 branch

Inventory:

Hand Weapons
 a - a +2 quarterstaff
Missiles
 m - 9 stones (quivered)
Armour
 s - a +0 robe (worn)
Magical Staves
 b - an uncursed staff of energy (weapon)
Scrolls
 i - a scroll of blinking
 o - 3 scrolls of remove curse
 p - 5 scrolls of amnesia
 q - a scroll of summoning
 r - 2 scrolls of vulnerability
Potions
 d - a potion of curing
 e - a potion of heal wounds
 f - a potion of haste
 g - 4 potions of magic
 h - 2 potions of berserk rage
 l - 2 potions of invisibility
Books
 n - a book of Flames

   Spells                             Type                      Level
   a - Flame Tongue                   Conjuration/Fire             1
   b - Throw Flame                    Conjuration/Fire             2
   c - Conjure Flame                  Conjuration/Fire             3
   d - Inner Flame                    Hexes/Fire                   3
   e - Sticky Flame                   Conjuration/Fire             4
   f - Fireball                       Conjuration/Fire             5
Comestibles
 c - 8 bread rations
 j - 40 fruits
 k - 7 meat rations


   Skills:
 - Level 3.2 Dodging
 - Level 2.7 Stealth
 + Level 6.8 Spellcasting
 + Level 2.9 Conjurations
 + Level 8.1 Fire Magic


You had 15 spell levels left.
You knew the following spells:

 Your Spells              Type           Power        Failure   Level  Hunger
a - Flame Tongue          Conj/Fire      ####.        1%          1    None


Dungeon Overview and Level Annotations

Branches:
Dungeon (1/1)

Altars:
Ashenzari
Cheibriados
Dithmenos
Elyvilon
Fedhas
Kikubaaqudgha
Makhleb
Nemelex Xobeh
Okawaru
Pakellas
Ru
Sif Muna
Trog
Vehumet
Xom
Yredelemnul
Zin
The Shining One
Beogh
Jiyva
Lugonu


Message History

You closely miss the wight. The wight misses you. The wight barely misses you.
You closely miss the wight. The wight barely misses you.
Casting: Flame Tongue
Confirm with . or Enter, or press ? or * to list all spells.
Aiming: Flame Tongue
Press: ? - help, Shift-Dir - straight line, f - wight
Aim: a wight, wielding a flail and wearing a robe The flame tongue hits the wight.
The wight is lightly damaged.
The wight closely misses you. The wight completely misses you.
You now have 1/14 mp.
Casting: Flame Tongue
Confirm with . or Enter, or press ? or * to list all spells.
Aiming: Flame Tongue
Press: ? - help, Shift-Dir - straight line, f/p - wight
Aim: a wight, wielding a flail and wearing a robe (lightly damaged)
The flame tongue hits the wight.
The wight is almost destroyed.
The wight hits you with a flail!
You die...

#_#####'##############
#)))'.'..##.........
#)).#.#..##......#..
#######'#####.........
#.......(.).'.........
#+#####'#####......#..
#..(..# #.........
#..)..# ####'#####
###@### #.......#
#†.z..# #.......#
#.....# #.......#
####'## #...<...# ...
#.......# ...(.
#.......#
#######.......#
#########


You could see a wight.

Vanquished Creatures
  2 wights (D)
  A gnoll (D)
  An ooze (D)
  A hobgoblin (D)
  A kobold (D)
  A quokka (D)
  A ball python (D)
8 creatures vanquished.

Notes
Turn   | Place    | Note
--------------------------------------------------------------
     0 | D        | pipel the Deep Elf Fire Elementalist began the quest for the Orb.
     0 | D        | Reached XP level 1. HP: 10/10 MP: 6/6
    37 | D        | Found a sacrificial altar of Ru.
    37 | D        | Found a basalt altar of Yredelemnul.
    37 | D        | Found a glowing golden altar of the Shining One.
    37 | D        | Found a deep blue altar of Sif Muna.
    37 | D        | Found a burning altar of Makhleb.
    37 | D        | Found an ancient bone altar of Kikubaaqudgha.
    37 | D        | Found a glowing silver altar of Zin.
    38 | D        | Found a shadowy altar of Dithmenos.
    38 | D        | Found a bloodstained altar of Trog.
    38 | D        | Found a shattered altar of Ashenzari.
    38 | D        | Found a white marble altar of Elyvilon.
    38 | D        | Found a snail-covered altar of Cheibriados.
    38 | D        | Found a blossoming altar of Fedhas.
    38 | D        | Found a radiant altar of Vehumet.
    38 | D        | Found a shimmering altar of Xom.
    38 | D        | Found a sparkling altar of Nemelex Xobeh.
    38 | D        | Found a corrupted altar of Lugonu.
    38 | D        | Found a viscous altar of Jiyva.
    38 | D        | Found a roughly hewn altar of Beogh.
    38 | D        | Found an iron altar of Okawaru.
    39 | D        | Found an oddly glowing altar of Pakellas.
    41 | D        | Became a worshipper of Sif Muna the Loreminder
    52 | D        | Reached skill level 4 in Fire Magic
    66 | D        | Reached XP level 2. HP: 15/15 MP: 8/8
    71 | D        | Noticed a wight
    71 | D        | Noticed a wight
    77 | D        | Noticed a wight
    87 | D        | Killed a wight
    87 | D        | Reached * piety under Sif Muna
    87 | D        | Reached skill level 5 in Spellcasting
    87 | D        | Reached skill level 6 in Fire Magic
    87 | D        | Reached XP level 3. HP: 19/19 MP: 0/12
    89 | D        | Reached ** piety under Sif Muna
    89 | D        | Reached skill level 7 in Fire Magic
    89 | D        | Reached XP level 4. HP: 23/24 MP: 1/14
    92 | D        | Reached skill level 8 in Fire Magic
    99 | D        | Mangled by a wight

Vault maps used:
D:        pitsprint

Action                   |  1- 3 |  4- 6 || total
-------------------------+-------+-------++-------
Melee: Quarterstaff      |     2 |       ||     2
       Staff             |     3 |     5 ||     8
Throw: Stone             |     1 |       ||     1
 Cast: Flame Tongue      |    15 |     2 ||    17
Evoke: Staff of energy   |     3 |       ||     3
  Use: Potion            |     1 |       ||     1
 Stab: Sleeping          |     1 |       ||     1
